 Dungeon Crawl Stone Soup version 0.23-a0-299-g9a66eeb (webtiles) character file.

198852 mhoghedin the Spry (level 19, -1/190 HPs)
             Began as a Kobold Berserker on Oct 6, 2018.
             Was a High Priest of Trog.
             Slain by a nagaraja
             ... wielding a +0 whip
              (2 damage)
             ... on level 4 of the Snake Pit.
             The game lasted 01:44:38 (35875 turns).

mhoghedin the Spry (Kobold Berserker)              Turns: 35875, Time: 01:44:39

Health: -1/190     AC: 11    Str: 25    XL:     19   Next: 15%
Magic:  0/46       EV: 40    Int:  8    God:    Trog [*****.]
Gold:   464        SH: 11    Dex: 26    Spells: 18/18 levels left

rFire    + . .     SeeInvis .   J - +6 demon blade (venom)
rCold    + . .     Gourm    .   P - +3 warlock's mirror {reflect}
rNeg     + . .     Faith    .   x - +0 leather armour of the Arcane {MP+9 Dex+4 Slay+2}
rPois    +         Spirit   +   (no helmet)
rElec    .         Reflect  +   X - +0 cloak of Quov {rF+ rN+ MP+9 Str-2}
rCorr    .         Harm     .   L - +2 pair of gloves
MR       +....     Clarity  +   p - +2 pair of boots
Stlth    ..........             C - amulet of guardian spirit {Spirit}
HPRegen  0.81/turn              M - ring of protection from cold {rC+, !d}
MPRegen  0.30/turn              i - ring of the Jolly Blessings {rPois EV+6}

@: mighty, agile, berserking (expiring), lethally poisoned (-1 -> -19), slowed,
constricted
A: small, carnivore, clarity, deterioration 1, regeneration 1, strong 1,
MP-powered wands
}: 1/15 runes: decaying
a: Berserk, Trog's Hand, Brothers in Arms, Renounce Religion


You were on level 4 of the Snake Pit.
You worshipped Trog.
Trog was extremely pleased with you.
You were not hungry.

You visited 5 branches of the dungeon, and saw 31 of its levels.
You also visited: Ossuary.

You collected 4038 gold pieces.
You spent 3574 gold pieces at shops.

Inventory:

Hand Weapons
 a - the +6 dagger of Vexoih {venom, +Inv rF++ rN+}
   (You found it on level 12 of the Dungeon)

   It poisons the flesh of those it strikes.
   It greatly protects you from fire.
   It protects you from negative energy.
   It lets you turn invisible.
 b - a +4 blowgun
   (You took it off a kobold on level 8 of the Dungeon)
 w - the +1 dagger of Trog's Indignation {elec, *Corrode MR+ Dex+2}
   (Trog gifted it to you on level 4 of the Lair of Beasts)

   Occasionally, upon striking a foe, it will discharge some electrical energy
   and cause terrible harm.
   It affects your dexterity (+2).
   It affects your resistance to hostile enchantments.
   It may corrode you when you take damage.
 J - a +6 demon blade of venom (weapon)
   (You took it off a hell knight on level 14 of the Dungeon)
 W - a +5 antimagic quick blade
   (Trog gifted it to you on level 6 of the Lair of Beasts)
Missiles
 B - 20 needles of sleeping
 V - 12 needles of confusion
 Y - a throwing net {=f, !d}
Armour
 p - a +2 pair of boots (worn)
   (You found it on level 12 of the Dungeon)
 x - the +0 leather armour of the Arcane (worn) {MP+9 Dex+4 Slay+2}
   (You found it on level 5 of the Dungeon)

   It affects your dexterity (+4).
   It affects your accuracy and damage with ranged weapons and melee attacks
   (+2).
   It affects your magic capacity (+9).
 L - a +2 pair of gloves (worn)
   (You found it on level 10 of the Dungeon)
 P - the +3 warlock's mirror (worn) {reflect}
   (You bought it in a shop on level 13 of the Dungeon)
 X - the +0 cloak of Quov (worn) {rF+ rN+ MP+9 Str-2}
   (You acquired it on level 2 of the Swamp)

   It affects your strength (-2).
   It protects you from fire.
   It protects you from negative energy.
   It affects your magic capacity (+9).
Jewellery
 i - the ring of the Jolly Blessings (right hand) {rPois EV+6}
   (You bought it in a shop on level 2 of the Snake Pit)

   [ring of evasion]

   It affects your evasion (+6).
   It protects you from poison.
 l - an uncursed ring of protection from magic {MR+, !d}
   (You found it on level 7 of the Dungeon)
 o - an uncursed ring of protection from fire {rF+, !d}
   (You found it on level 7 of the Dungeon)
 C - an amulet of guardian spirit (around neck) {Spirit}
   (You found it in an ossuary)
 M - a ring of protection from cold (left hand) {rC+, !d}
   (You took it off an orc on level 10 of the Dungeon)
 S - an uncursed ring of see invisible {sInv, !d}
   (You bought it in a shop on level 1 of the Snake Pit)
Wands
 q - a wand of flame (42)
   (You found it on level 4 of the Lair of Beasts)
 s - a wand of iceblast (24)
   (You took it off Ijyb on level 4 of the Dungeon)
 E - a wand of disintegration (25)
   (You found it on level 7 of the Dungeon)
 G - a wand of paralysis (9)
   (You found it on level 8 of the Dungeon)
 H - a wand of acid (8)
   (You found it on level 13 of the Dungeon)
 K - a wand of enslavement (7)
   (You found it on level 9 of the Dungeon)
 U - a wand of polymorph (38)
   (You found it on level 11 of the Dungeon)
 Z - a wand of scattershot (3)
   (You found it on level 3 of the Lair of Beasts)
Scrolls
 f - 11 scrolls of teleportation
 g - a scroll of magic mapping {!r}
 u - 13 scrolls of remove curse
 v - 4 scrolls of fear
 y - 3 scrolls of holy word {!r}
 A - a scroll of fog
 D - 2 scrolls of blinking {!r}
 F - a scroll of enchant armour
Potions
 d - a potion of cancellation
 e - 5 potions of mutation {!q}
 h - 4 potions of might
 k - 3 potions of haste
 n - 11 potions of curing
 r - 3 potions of agility
 t - 3 potions of flight
 z - 3 potions of lignification {!q}
 I - a potion of resistance
Miscellaneous
 N - a lamp of fire
   (You found it on level 13 of the Dungeon)
 T - a lightning rod (4/4)
   (You found it on level 2 of the Lair of Beasts)
Comestibles
 c - 41 rations


   Skills:
 + Level 16.4 Fighting
 - Level 9.9(13.4) Short Blades
 - Level 10.0(10.7) Long Blades
 + Level 13.4 Throwing
 - Level 5.3 Armour
 + Level 16.5 Dodging
 - Level 14.9 Stealth
 - Level 5.9 Shields
 - Level 13.2 Evocations


You had 18 spell levels left.
You didn't know any spells.
Your spell library was empty.

Dungeon Overview and Level Annotations

Branches:
Dungeon (15/15)            Temple (0/1) D:5            Lair (6/6) D:11
  Swamp (4/4) Lair:4        Snake (4/4) Lair:2        Slime (0/5) Lair:5
    Orc (2/2) D:9             Elf (0/3) Orc:2        Vaults (0/5) D:13
 Depths (0/5) D:15

Altars:
Ashenzari
Cheibriados
Dithmenos
Fedhas
Kikubaaqudgha
Makhleb
Okawaru
Qazlal
Vehumet
Wu Jian
Xom
Yredelemnul
Zin
The Shining One

Shops:
D:6 *   D:10 }   D:13 [([(   D:14 =   Orc:2 !(%(   Snake:1 }!==(!   Snake:2 }==

Annotations:
D:3 Natasha
D:4 2 transporters
D:10 1 runed door, Qupu's ghost, journeyman TeAE
D:13 1 runed door
D:15 exclusion: Roxanne, Roxanne


Innate Abilities, Weirdness & Mutations

You are small and have problems with some larger weapons.
You are carnivorous and can eat meat at any time.
You possess an exceptional clarity of mind.
Your body sometimes deteriorates upon taking damage.
Your natural rate of healing is unusually fast.
Your muscles are strong. (Str +2)
You expend magic power (3 MP) to strengthen your wands.


Message History

You kill the guardian serpent!
Trog accepts your kill.
Trog appreciates your killing of a magic user.
You feel sick. The naga mage spits poison at you.
Your +3 warlock's mirror {reflect} reflects the splash of poison!
The splash of poison misses the naga mage.
The nagaraja spits poison at you. The splash of poison hits you! You resist.
You block the nagaraja's attack. The nagaraja constricts you.
The shock serpent completely misses you.
You riposte.
You slice the shock serpent!!
The shock serpent's electric aura discharges, shocking you!
The nagaraja completely misses you. You block the anaconda's attack.
You block the naga mage's attack.
You take 12 damage, and have 99/190 hp.
You now have 25/46 mp.
Unknown command.
Okay, then.
Unknown command.
Unknown command.
Unknown command.
You completely miss the nagaraja.
You feel sick. The nagaraja completely misses you. The black mamba misses you.
The nagaraja completely misses you. The nagaraja constricts you.
You block the anaconda's attack. The shock serpent misses you.
You riposte.
You slice the shock serpent!!
The shock serpent looks as sick as possible!
The shock serpent's electric aura discharges, shocking you!
The nagaraja gestures at you while chanting.
The bolt of poison hits you!
You are more poisoned.
You resist.
The bolt of poison hits the naga mage.
The naga mage is poisoned.
You block the naga mage's attack.
You take 15 damage, and have 84/190 hp.
You now have 22/46 mp.
Unknown command.
Unknown command.
You slash the nagaraja!
The nagaraja looks as sick as possible!
You feel sick. You block the anaconda's attack.
You block the black mamba's attack. The nagaraja completely misses you.
You riposte.
You slice the nagaraja!! The nagaraja casts a spell at you.
The poison arrow misses you.
The poison arrow hits the anaconda.
The anaconda looks as sick as possible!
The nagaraja constricts you.
The shock serpent completely misses you.
The nagaraja spits poison at you. The splash of poison misses you.
The splash of poison hits the naga mage.
The naga mage hits you! The anaconda completely misses you.
The black mamba bites you. The nagaraja completely misses you.
You riposte.
You slash the nagaraja!
The nagaraja looks as sick as possible!
The nagaraja points at you and mumbles some strange words.
Your +3 warlock's mirror {reflect} reflects the Teleport Other!
The nagaraja resists with almost no effort.
The nagaraja constricts you.
All of the chunks of flesh in your inventory have rotted away.
You take 17 damage, and have 67/190 hp.
You now have 18/46 mp.
Unknown command.
You slash the nagaraja!
You feel sick.
The shock serpent completely misses you.
The nagaraja gestures at you while chanting.
The poison arrow hits you!
You are more poisoned.
You partially resist.
* * * LOW HITPOINT WARNING * * *
The black mamba completely misses you. The anaconda completely misses you.
You block the naga mage's attack. The nagaraja completely misses you.
You riposte.
You slice the nagaraja!! You block the nagaraja's attack.
* * * LOW HITPOINT WARNING * * *
The nagaraja constricts you. The shock serpent closely misses you.
The nagaraja gestures at you while chanting.
The poison arrow misses you.
The poison arrow hits the naga mage.
The naga mage partially resists.
The naga mage looks even sicker.
The naga mage dies!
You take 24 damage, and have 43/190 hp.
You now have 12/46 mp.
You hit the nagaraja but do no damage.
You feel sick. You block the black mamba's attack.
The anaconda completely misses you. The nagaraja hits you.
The nagaraja hits you with a whip!
* * * LOW HITPOINT WARNING * * *
x2 The nagaraja constricts you.
The nagaraja completely misses you.
You riposte.
You slash the nagaraja! The shock serpent bites you!
* * * LOW HITPOINT WARNING * * *
The shock serpent shocks you!
* * * LOW HITPOINT WARNING * * *
You block the black mamba's attack.
You take 37 damage, and have 6/190 hp.
You now have 1/46 mp.
You completely miss the nagaraja.
* * * LOW HITPOINT WARNING * * *
You feel sick.
You kill the nagaraja!
Trog accepts your kill.
Trog appreciates your killing of a magic user.
You kill the nagaraja!
Trog accepts your kill.
Trog appreciates your killing of a magic user.
The shock serpent's electric aura discharges, shocking you!
* * * LOW HITPOINT WARNING * * *
The anaconda completely misses you. You block the black mamba's attack.
The nagaraja spits poison at you. The splash of poison misses you.
The splash of poison misses the anaconda.
You die...

.)....##,,...,,,,**,,,,,,,,,,,*,*
.).....###,...,***,,,,,,,,,,,,*,,
)........#*,§.####,,,,,,,,,,,*+*,
)).......#,,,N...##,,***+***,*,*,
.).......##,,,§...##,*,,,,,*,**,,
..........####,....##+,,,,,*,,*,,
.............###N)^.#*,,,,,*,***,
.......########S[S..#*+,,*,*,*,,,
.....###...÷.(.[@N.##**,,,**,****
....##......÷))NS###,*,,,,,*,,,,,
....#)...#########,,,*,,*,,*,,,,,
....#...........##,,,*******,,,,,
....##....)......#,,,,**********,
.....#######.....##..,*,,,,,,,,*,
......................*,,,,,,,,**
......................*,,,,,,,,,*
..(...................*,**+***,,+


You could see a nagaraja, a naga sharpshooter, a salamander mystic, an anaconda,
a shock serpent and a black mamba.

Vanquished Creatures
  Rupert (Orc:2)
  Frances (Snake:2)
  A thorn hunter (Swamp:1)
  5 nagarajas
  An orc warlord (Orc:1)
  11 naga warriors
  14 hydras
  An ice dragon (D:14)
  A ghost crab (Swamp:4)
  A great orb of eyes (D:14)
  3 shambling mangroves (Swamp:2)
  11 anacondas
  6 catoblepae
  5 two-headed ogres
  2 tengu warriors (D:13)
  10 alligators
  5 death yaks
  The ghost of galech the Cleaver, a novice DsMo of Okawaru (D:9)
  2 centaur warriors
  6 naga sharpshooters
  Urug (Orc:2)
  2 shock serpents
  6 hell knights (D:14)
  4 skeletal warriors (D:13)
  A wizard (D:14)
  5 salamander mystics
  4 spriggan druids
  7 swamp dragons
  A wolf spider zombie (D:15)
  2 naga ritualists (Snake:3)
  3 deep elf magi
  An oklob plant (Snake:2)
  7 mana vipers
  3 orc knights
  A necromancer (D:14)
  3 orc sorcerers (Orc:2)
  20 slime creatures
  11 salamanders
  A cyclops (Orc:1)
  3 manticores
  18 ugly things
  24 black mambas
  6 elephants (Lair:6)
  A moth of wrath (shapeshifter) (D:15)
  Maurice (D:9)
  13 guardian serpents
  9 naga magi
  An eye of devastation (D:14)
  14 spiny frogs
  4 komodo dragons
  2 kobold demonologists (D:11)
  2 rime drakes (Swamp:4)
  An efreet (D:14)
  3 meliai (Lair:5)
  2 merfolk
  9 trolls
  7 hornets
  8 tyrant leeches
  7 bog bodies
  A queen bee (Lair:5)
  4 blink frogs (Lair:5)
  A meliai zombie (D:12)
  9 hippogriffs
  5 shadows
  A centaur simulacrum (D:15)
  A vampire (D:13)
  3 wraiths
  3 spriggans
  2 wyverns
  A water elemental (D:14)
  Eustachio (D:4)
  70 yaks
  A steam dragon (D:8)
  A hog (D:15)
  4 basilisks
  3 hungry ghosts
  24 vampire mosquitoes
  Menkaure (D:5)
  Edmund (D:5)
  11 swamp worms
  4 wargs
  31 nagas
  9 insubstantial wisps
  14 water moccasins
  7 hell hounds (D:14)
  3 acid dragons
  5 porcupines
  47 orc warriors
  13 swamp drakes
  3 ice beasts
  3 black bears
  An eye of draining (D:13)
  2 necrophages
  10 ogres
  4 phantoms
  3 wolves (Lair:6)
  15 centaurs
  11 crocodiles
  3 big kobolds
  18 bullfrogs
  A wyvern skeleton (D:12)
  15 scorpions
  34 killer bees
  9 wights
  5 howler monkeys
  2 bullfrog zombies
  9 crimson imps
  3 centaur zombies
  2 quasits
  7 hounds
  A human zombie (Ossuary)
  A jelly (D:14)
  31 orc wizards
  Crazy Yiuf (D:5)
  24 orc priests
  10 centaur skeletons
  A bullfrog skeleton (D:9)
  Ijyb (D:4)
  Natasha (D:3)
  2 iguanas (D:9)
  10 worker ants
  A killer bee zombie (D:6)
  3 big kobold zombies (Ossuary)
  4 hound skeletons
  4 mummies
  A worker ant zombie (D:11)
  4 gnolls
  13 adders
  A scorpion zombie (Ossuary)
  2 shadow imps
  An adder zombie (D:6)
  3 dart slugs
  5 leopard geckos
  89 orcs
  4 ball pythons
  4 giant cockroaches
  5 gnoll zombies (Ossuary)
  10 goblins
  12 hobgoblins
  23 jackals
  2 quokkas
  6 bats
  2 frilled lizards
  2 goblin skeletons (D:9)
  6 goblin zombies
  2 hobgoblin zombies (D:9)
  23 kobolds
  3 kobold skeletons (D:9)
  5 kobold zombies
  6 orc zombies
  7 rats
  A fungus (Lair:2)
  A plant (Snake:2)
1085 creatures vanquished.

Vanquished Creatures (collateral kills)
  Saint Roka (Orc:2)
  A nagaraja (Snake:2)
  A dire elephant (D:15)
  A naga warrior (Snake:2)
  2 anacondas (Snake:1)
  A centaur warrior (D:13)
  3 naga sharpshooters
  A naga ritualist (Snake:1)
  An orc knight (D:15)
  A mana viper (Snake:1)
  3 orc sorcerers
  A manticore (D:15)
  2 salamanders (Snake:2)
  A black mamba (Snake:2)
  A guardian serpent (Snake:4)
  2 trolls (Orc:2)
  A warg (Orc:2)
  6 nagas
  A swamp worm (shapeshifter) (D:13)
  4 orc warriors
  An ogre (Orc:2)
  An orc priest (D:15)
  6 orcs
43 creatures vanquished.

Vanquished Creatures (others)
  Jorgrun (Swamp:1)
  A centaur warrior (Orc:2)
  A naga mage (Snake:4)
  A rime drake (shapeshifter) (D:13)
  A troll (shapeshifter) (D:13)
  A vampire mosquito (Swamp:1)
  A naga (Snake:4)
  An orc warrior (Orc:2)
  4 centaurs (Orc:2)
  An orc wizard (Orc:1)
  4 orcs
  2 fungi (Lair:6)
  2 plants
21 creatures vanquished.

Grand Total: 1149 creatures vanquished

Notes
Turn   | Place    | Note
-------+----------+-------------------------------------------
     0 | D:1      | mhoghedin the Kobold Berserker began the quest for the Orb.
     0 | D:1      | Reached XP level 1. HP: 14/14 MP: 1/1
   381 | D:1      | Reached XP level 2. HP: 5/19 MP: 2/2
   663 | D:1      | Reached skill level 1 in Stealth
  1140 | D:2      | Found a burning altar of Makhleb.
  1148 | D:2      | Reached skill level 2 in Armour
  1148 | D:2      | Reached skill level 3 in Dodging
  1148 | D:2      | Reached XP level 3. HP: 23/24 MP: 3/3
  1328 | D:2      | Reached XP level 4. HP: 29/29 MP: 4/4
  1370 | D:2      | Noticed an orc warrior
  1404 | D:3      | Reached skill level 2 in Stealth
  1444 | D:3      | Gained mutation: Armour fits poorly on your strangely
                  | shaped body. [potion of mutation]
  1444 | D:3      | Gained mutation: You possess an exceptional clarity of
                  | mind. [potion of mutation]
  1444 | D:3      | Gained mutation: You expend magic power (3 MP) to
                  | strengthen your wands. [potion of mutation]
  1947 | D:2      | Reached XP level 5. HP: 24/33 MP: 5/5
  2110 | D:2      | Reached skill level 4 in Fighting
  2272 | D:2      | Reached skill level 5 in Short Blades
  2311 | D:2      | Reached ** piety under Trog
  2443 | D:2      | Found a shadowy altar of Dithmenos.
  2509 | D:2      | Found a shattered altar of Ashenzari.
  2556 | D:2      | HP: 8/49 [something/magic dart (9)]
  2556 | D:2      | HP: 3/49 [orc/trident (5)]
  2557 | D:2      | Reached skill level 3 in Stealth
  2557 | D:2      | Reached XP level 6. HP: 4/38 MP: 6/6
  3128 | D:2      | Found a faded altar of an unknown god.
  3213 | D:2      | Killed an orc warrior
  3213 | D:2      | Reached skill level 4 in Dodging
  3322 | D:3      | Found a blossoming altar of Fedhas.
  3324 | D:3      | Found an ancient bone altar of Kikubaaqudgha.
  3363 | D:3      | HP: 5/39 [orc priest/mace (9)]
  3418 | D:3      | Found a basalt altar of Yredelemnul.
  3885 | D:3      | Reached skill level 4 in Stealth
  3885 | D:3      | Reached XP level 7. HP: 44/44 MP: 7/7
  3915 | D:3      | Noticed Natasha
  3933 | D:3      | Killed Natasha
  3985 | D:3      | Reached skill level 3 in Armour
  4201 | D:3      | Noticed Natasha
  4373 | D:4      | Noticed Eustachio
  4383 | D:4      | Killed Eustachio
  4383 | D:4      | Reached skill level 5 in Fighting
  4383 | D:4      | Reached skill level 6 in Short Blades
  4447 | D:4      | Reached skill level 5 in Dodging
  4449 | D:4      | Reached XP level 8. HP: 32/49 MP: 8/8
  4499 | D:4      | Reached *** piety under Trog
  4633 | D:4      | Noticed Ijyb
  4640 | D:4      | Killed Ijyb
  4640 | D:4      | Reached skill level 5 in Stealth
  4801 | D:4      | Found a transporter.
  4849 | D:4      | Found a transporter.
  4873 | D:4      | Reached skill level 6 in Fighting
  5201 | D:5      | Entered Level 5 of the Dungeon
  5216 | D:5      | Reached skill level 7 in Short Blades
  5229 | D:5      | Noticed Menkaure
  5244 | D:5      | Killed Menkaure
  5244 | D:5      | Reached skill level 6 in Dodging
  5244 | D:5      | Reached skill level 6 in Stealth
  5480 | D:5      | Found a snail-covered altar of Cheibriados.
  5527 | D:5      | Found a runed door.
  5579 | D:5      | Reached XP level 9. HP: 53/56 MP: 9/9
  5760 | D:5      | Found a staircase to the Ecumenical Temple.
  5773 | D:5      | Noticed Edmund
  5778 | D:5      | Killed Edmund
  5778 | D:5      | Reached skill level 8 in Short Blades
  5778 | D:5      | Reached skill level 7 in Stealth
  5947 | D:5      | Got a heavily runed leather armour
  5958 | D:5      | Identified the cursed +0 leather armour of the Arcane {MP+9
                  | Dex+4 Slay+2} (You found it on level 5 of the Dungeon)
  6153 | D:5      | Noticed Crazy Yiuf
  6159 | D:5      | Killed Crazy Yiuf
  6223 | D:6      | Reached skill level 7 in Fighting
  6223 | D:6      | Reached skill level 7 in Dodging
  6239 | D:6      | Reached skill level 8 in Stealth
  6294 | D:6      | Reached **** piety under Trog
  6294 | D:6      | Reached skill level 9 in Short Blades
  6378 | D:6      | Found a sand-covered staircase.
  6385 | D:6      | Reached XP level 10. HP: 30/64 MP: 10/10
  6390 | Ossuary  | Entered an ossuary
  6594 | Ossuary  | Reached skill level 8 in Dodging
  6805 | Ossuary  | Reached skill level 8 in Fighting
  6846 | Ossuary  | Reached skill level 9 in Stealth
  7131 | D:6      | Found a snail-covered altar of Cheibriados.
  7324 | D:6      | Found a shimmering altar of Xom.
  7554 | D:6      | Found Tuva's Assorted Antiques.
  7557 | D:6      | Bought a scroll labeled QEUCVO BYTY for 28 gold pieces
  7557 | D:6      | Bought a scroll labeled FOTOHET FUBOS for 28 gold pieces
  7674 | D:7      | Noticed a brown ugly thing
  7687 | D:7      | Killed a brown ugly thing
  7687 | D:7      | Reached skill level 9 in Dodging
  7687 | D:7      | Reached skill level 1 in Evocations
  7942 | D:7      | Reached skill level 2 in Evocations
  8295 | D:8      | Reached ***** piety under Trog
  8340 | D:8      | HP: 15/65 [hornet (11)]
  8345 | D:8      | HP: 16/65 [kobold/dagger (1)]
  8346 | D:8      | HP: 7/65 [hornet (10)]
  8348 | D:8      | Reached skill level 9 in Fighting
  8354 | D:8      | Reached skill level 3 in Evocations
  8555 | D:8      | Found a radiant altar of Vehumet.
  8564 | D:8      | Found a shadowy altar of Dithmenos.
  8564 | D:8      | Found an ornate altar of the Wu Jian Council.
  8850 | D:8      | Reached skill level 4 in Evocations
  8850 | D:8      | Reached XP level 11. HP: 56/71 MP: 14/14
  9189 | D:9      | Found a glowing golden altar of the Shining One.
  9306 | D:9      | Reached skill level 10 in Dodging
  9409 | D:9      | Noticed Maurice
  9411 | D:9      | Killed Maurice
  9411 | D:9      | Reached skill level 5 in Evocations
  9518 | D:9      | Found a staircase to the Orcish Mines.
  9567 | D:9      | Reached skill level 10 in Fighting
  9811 | D:9      | Reached skill level 6 in Evocations
  9841 | D:9      | Found an iron altar of Okawaru.
 10008 | D:9      | Found a large runed door.
 10009 | D:9      | Found a large runed door.
 10019 | D:9      | Noticed galech's ghost (novice DsMo)
 10030 | D:9      | Killed galech's ghost
 10141 | D:10     | Entered Level 10 of the Dungeon
 10141 | D:10     | Found Huif's Gadget Shoppe.
 10177 | D:10     | Received a gift from Trog
 10350 | D:10     | Reached skill level 11 in Dodging
 10351 | D:10     | Noticed a two-headed ogre
 10537 | D:10     | Noticed Qupu's ghost (journeyman TeAE)
 10546 | D:10     | Found a runed door.
 10599 | D:10     | Killed a two-headed ogre
 10599 | D:10     | Reached skill level 7 in Evocations
 10797 | D:10     | Reached XP level 12. HP: 79/79 MP: 17/17
 10850 | D:10     | Noticed a two-headed ogre
 10870 | D:10     | Killed a two-headed ogre
 10870 | D:10     | Reached skill level 11 in Fighting
 11302 | D:11     | Found a staircase to the Lair.
 11302 | D:11     | Noticed a two-headed ogre
 11306 | D:11     | Noticed a sixfirhy
 11316 | D:10     | Killed a two-headed ogre
 11316 | D:10     | Reached skill level 2 in Throwing
 11367 | D:11     | Reached skill level 3 in Throwing
 11379 | D:11     | Reached skill level 4 in Throwing
 11496 | D:11     | Reached skill level 5 in Throwing
 11748 | D:11     | Received a gift from Trog
 11748 | D:11     | Reached skill level 6 in Throwing
 12018 | D:11     | Reached skill level 7 in Throwing
 12614 | D:12     | Reached skill level 8 in Throwing
 12681 | D:12     | Noticed an eight-headed hydra
 13001 | D:12     | Reached skill level 9 in Throwing
 13068 | D:12     | Reached skill level 10 in Throwing
 13238 | D:12     | Got a smoking dagger
 13239 | D:12     | Identified the +6 dagger of Vexoih {venom, +Inv rF++ rN+}
                  | (You found it on level 12 of the Dungeon)
 13287 | D:12     | Reached skill level 8 in Evocations
 13287 | D:12     | Reached XP level 13. HP: 84/84 MP: 19/19
 13689 | D:13     | Reached skill level 10 in Stealth
 13755 | D:13     | You fall through a shaft for 2 floors!
 13755 | D:15     | Entered Level 15 of the Dungeon
 13788 | D:15     | Reached skill level 12 in Dodging
 14259 | D:15     | Reached skill level 9 in Evocations
 14467 | D:15     | Found a staircase to the Depths.
 14467 | D:15     | Noticed a dire elephant
 14492 | D:15     | Killed a dire elephant
 14501 | D:15     | HP: 18/85 [salamander (6)]
 14505 | D:15     | HP: 4/85 [salamander (5)]
 14508 | D:15     | Reached skill level 11 in Stealth
 14927 | D:15     | Noticed a centaur warrior
 14936 | D:15     | Reached skill level 12 in Fighting
 14944 | D:15     | Killed a centaur warrior
 15149 | D:15     | Noticed Roxanne
 15458 | D:14     | Received a gift from Trog
 15477 | D:14     | Reached ****** piety under Trog
 15494 | D:14     | Reached skill level 10 in Evocations
 15497 | D:14     | Reached skill level 13 in Dodging
 15504 | D:14     | Reached skill level 12 in Stealth
 15504 | D:14     | Reached XP level 14. HP: 92/92 MP: 21/21
 16222 | D:14     | Found Muymiapre's Jewellery Emporium.
 16480 | D:14     | Reached skill level 1 in Long Blades
 16657 | D:14     | Reached skill level 2 in Long Blades
 16765 | D:13     | Found Vegaizae's Antique Armour Shoppe.
 16769 | D:13     | Received a gift from Trog
 16906 | D:13     | Reached skill level 13 in Fighting
 17194 | D:13     | Found a gate to the Vaults.
 17208 | D:13     | Reached skill level 14 in Dodging
 17228 | D:13     | Received a gift from Trog
 17231 | D:13     | Reached skill level 3 in Long Blades
 17259 | D:13     | Found Neolib's Antique Weapon Emporium.
 17311 | D:13     | Found Lose's Weapon Shop.
 17325 | D:13     | Found a glowing silver altar of Zin.
 17325 | D:13     | Found a runed door.
 17325 | D:13     | Noticed an angel
 17648 | D:13     | Found Houhyux's Antique Armour Shop.
 17655 | D:13     | Received a gift from Trog
 17906 | Lair:1   | Entered Level 1 of the Lair of Beasts
 18049 | Orc:1    | Entered Level 1 of the Orcish Mines
 18156 | Orc:1    | Reached skill level 4 in Long Blades
 18487 | D:13     | Bought the +3 warlock's mirror {reflect} for 1280 gold
                  | pieces
 18487 | D:13     | Found the +3 warlock's mirror {reflect}
 18487 | D:13     | Bought a slimy leather armour for 224 gold pieces
 18490 | D:13     | Identified the cursed +1 leather armour of the Solstice
                  | {rElec} (You bought it in a shop on level 13 of the
                  | Dungeon)
 18570 | Lair:1   | Reached skill level 1 in Shields
 18596 | Lair:1   | Received a gift from Trog
 18596 | Lair:1   | Reached XP level 15. HP: 99/99 MP: 23/23
 19239 | Lair:2   | Found a staircase to the Snake Pit.
 19245 | Lair:2   | Reached skill level 2 in Shields
 19415 | Lair:2   | Reached skill level 3 in Shields
 20259 | Lair:3   | Identified a scroll of acquirement
 20275 | Lair:3   | Reached skill level 4 in Shields
 20631 | Lair:4   | Found a staircase to the Swamp.
 20697 | Lair:4   | Received a gift from Trog
 20724 | Lair:4   | Got an iridescent dagger {god gift}
 20728 | Lair:4   | Identified the +1 dagger of Trog's Indignation {elec,
                  | *Corrode MR+ Dex+2} (Trog gifted it to you on level 4 of
                  | the Lair of Beasts)
 21412 | Lair:5   | Reached skill level 5 in Shields
 21722 | Lair:5   | Found a staircase to the Slime Pits.
 21966 | Lair:5   | Reached skill level 11 in Evocations
 22314 | Lair:6   | Entered Level 6 of the Lair of Beasts
 22321 | Lair:6   | Got a translucent ring mail
 22484 | Lair:6   | Identified the +1 ring mail "Patzapes" {Regen+} (You found
                  | it on level 6 of the Lair of Beasts)
 22812 | Lair:6   | Reached skill level 13 in Stealth
 22871 | Lair:6   | Reached skill level 4 in Armour
 22882 | Lair:6   | Received a gift from Trog
 23117 | Lair:6   | Reached skill level 14 in Fighting
 23311 | Lair:6   | Reached XP level 16. HP: 106/106 MP: 24/24
 23314 | Lair:6   | Reached skill level 15 in Dodging
 23789 | Orc:2    | Entered Level 2 of the Orcish Mines
 23963 | Orc:2    | Noticed Saint Roka
 23979 | Orc:2    | Killed Saint Roka
 23981 | Orc:2    | Received a gift from Trog
 23992 | Orc:2    | Noticed Urug
 24002 | Orc:2    | Killed Urug
 24007 | Orc:2    | Found a staircase to the Elven Halls.
 24296 | Orc:2    | Noticed Rupert
 24320 | Orc:2    | Killed Rupert
 24320 | Orc:2    | Reached skill level 5 in Armour
 24320 | Orc:2    | Reached skill level 12 in Evocations
 24683 | Orc:2    | Reached skill level 14 in Stealth
 24918 | Orc:1    | Received a gift from Trog
 25106 | Orc:2    | Found Visulyr's Food Boutique.
 25106 | Orc:2    | Found Cehuqeul's Weapon Shoppe.
 25162 | Orc:2    | Found Suonuare's Weapon Shop.
 25164 | Orc:2    | Found Furideel's Distillery.
 25172 | Orc:2    | Bought a +0 double sword of flaming for 377 gold pieces
 25678 | Swamp:1  | Entered Level 1 of the Swamp
 25679 | Swamp:1  | Noticed a thorn hunter
 25686 | Swamp:1  | Killed a thorn hunter
 25918 | Swamp:1  | Noticed Jorgrun
 25931 | Swamp:1  | Killed Jorgrun
 26130 | Swamp:1  | Received a gift from Trog
 26142 | Swamp:1  | Reached skill level 11 in Throwing
 26670 | Swamp:1  | Reached skill level 15 in Fighting
 26673 | Swamp:1  | Received a gift from Trog
 27266 | Swamp:2  | Reached XP level 17. HP: 95/113 MP: 26/26
 27311 | Swamp:2  | Received a gift from Trog
 27814 | Swamp:2  | Reached skill level 12 in Throwing
 27841 | Swamp:2  | Got a bloodstained cloak
 27852 | Swamp:2  | Identified the +0 cloak of Quov {rF+ rN+ MP+9 Str-2} (You
                  | acquired it on level 2 of the Swamp)
 29804 | Swamp:4  | Entered Level 4 of the Swamp
 30136 | Swamp:4  | Received a gift from Trog
 31233 | Swamp:4  | Reached skill level 16 in Fighting
 31510 | Swamp:4  | Got a decaying rune of Zot
 31542 | Swamp:4  | Reached skill level 16 in Dodging
 31542 | Swamp:4  | Reached skill level 13 in Evocations
 31678 | Snake:1  | Entered Level 1 of the Snake Pit
 31688 | Snake:1  | Found Koinn's Gadget Boutique.
 31931 | Snake:1  | Found Seblaawo's Jewellery Shop.
 31956 | Snake:1  | Found Wiwyri's Antique Weapon Emporium.
 31965 | Snake:1  | Received a gift from Trog
 31965 | Snake:1  | Reached skill level 13 in Throwing
 32194 | Snake:1  | Reached XP level 18. HP: 107/120 MP: 27/27
 32420 | Snake:1  | Found Limufun's Jewellery Shoppe.
 32427 | Snake:1  | Found Cawededi's Distillery.
 32428 | Snake:1  | Bought an uncursed ring of see invisible for 210 gold
                  | pieces
 32439 | Snake:1  | Lost mutation: You possess an exceptional clarity of mind.
                  | [potion of mutation]
 32439 | Snake:1  | Lost mutation: You expend magic power (3 MP) to strengthen
                  | your wands. [potion of mutation]
 32439 | Snake:1  | Lost mutation: Armour fits poorly on your strangely shaped
                  | body. [potion of mutation]
 32439 | Snake:1  | Gained mutation: Your body sometimes deteriorates upon
                  | taking damage. [potion of mutation]
 32439 | Snake:1  | Gained mutation: Armour fits poorly on your strangely
                  | shaped body. [potion of mutation]
 32439 | Snake:1  | Gained mutation: You possess an exceptional clarity of
                  | mind. [potion of mutation]
 32439 | Snake:1  | Gained mutation: You are partially covered in iridescent
                  | scales. (AC +2) [potion of mutation]
 32440 | Snake:1  | Lost mutation: You are partially covered in iridescent
                  | scales. (AC +2) [potion of mutation]
 32440 | Snake:1  | Lost mutation: Armour fits poorly on your strangely shaped
                  | body. [potion of mutation]
 32440 | Snake:1  | Gained mutation: Your muscles are strong. (Str +2) [potion
                  | of mutation]
 32440 | Snake:1  | Gained mutation: You expend magic power (3 MP) to
                  | strengthen your wands. [potion of mutation]
 32440 | Snake:1  | Gained mutation: Your natural rate of healing is unusually
                  | fast. [potion of mutation]
 32525 | Snake:1  | Found Eqoogykenn's Distillery.
 32711 | Snake:2  | Received a gift from Trog
 32991 | Snake:2  | Noticed Frances
 32994 | Snake:2  | Found Isaoq's Jewellery Shop.
 33017 | Snake:2  | Killed Frances
 33017 | Snake:2  | Reached skill level 5 in Long Blades
 33072 | Snake:2  | Received a gift from Trog
 33120 | Snake:2  | Found Paqav's Jewellery Shop.
 33123 | Snake:2  | Found Zuino's Gadget Shoppe.
 33175 | Snake:2  | Bought the ring of the Jolly Blessings {rPois EV+6} for
                  | 1427 gold pieces
 33359 | Snake:2  | Reached skill level 6 in Long Blades
 33362 | Snake:2  | HP: 28/120 [nagaraja/enchanted trident (16)]
 33486 | Snake:2  | Found a stormy altar of Qazlal.
 33494 | Snake:2  | Found a shattered altar of Ashenzari.
 33991 | Snake:3  | Reached skill level 7 in Long Blades
 34201 | Snake:3  | Reached skill level 8 in Long Blades
 34895 | Snake:3  | Reached skill level 9 in Long Blades
 35015 | Snake:4  | Entered Level 4 of the Snake Pit
 35396 | Snake:4  | Received a gift from Trog
 35614 | Snake:4  | Reached skill level 10 in Long Blades
 35646 | Snake:4  | Reached XP level 19. HP: 73/125 MP: 19/28
 35660 | Snake:4  | HP: 31/125 [guardian serpent (6)]
 35661 | Snake:4  | HP: 15/125 [guardian serpent (3)]
 35873 | Snake:4  | HP: 46/190 [nagaraja/poison arrow (19)]
 35874 | Snake:4  | HP: 16/190 [shock serpent (11)]
 35874 | Snake:4  | HP: 6/190 [shock serpent (10)]
 35875 | Snake:4  | HP: 1/190 [shock serpent/electric aura (3)]
 35875 | Snake:4  | Slain by a nagaraja

Vault maps used:
D:1:      giann_bridges
D:2:      overflow_temple_1_default, makhleb_blood_cavern_becter,
          chequers_ecumenical_altar_simple, grunt_dithmenos_smoke_and_mirrors
D:3:      grunt_temple_overflow_growth_and_decay, yredelemnul_altar_generic,
          kennysheep_generic_room_10, uniq_natasha
D:4:      gammafunk_cloud_chamber, first_ration, uniq_ijyb, uniq_eustachio
D:5:      minmay_temple_entry_hall, kennysheep_slug_shrine,
          uniq_crazy_yiuf_cottage, uniq_edmund, uniq_menkaure
D:6:      overflow_temple_1_default, nicolae_overflow_hidden_temple,
          serial_shops, kennysheep_mini_moat, gup_ossuary_entry_pyramid
D:8:      gammafunk_temple_overflow_forgotten
D:9:      okawaru_altar_gauntlet_db, nicolae_tso_besieged_by_evil, david_orc_2,
          ebering_ghost_disaster_area, uniq_maurice
D:10:     hellmonk_ghost_happy_afterlife, serial_shops, shop_fountains,
          minivault_16
D:11:     lair_entry_dummy, hangedman_stone_soup
D:13:     david_vaults_2, serial_shops, shop, shop, shop, shop,
          lemuel_angel_altar
D:14:     nrook_pool_corridor, serial_shops, nicolae_shop_statue_plus,
          minmay_misc_feat_roman, minmay_rotating_lava
D:15:     hangedman_depths_entry_try_elsewhere_first, serial_park_tiny_pond,
          lemuel_old_faithful, uniq_roxanne
Lair:2:   dummy_snake_entry, lemuel_fruit_fields
Lair:3:   beast_lair_carwin_10, grunt_megastairs_3, serial_bayou_shore_a
Lair:4:   swamp_mist
Lair:5:   dpeg_slime_entry_corner, special_room, nicolae_lair_yak_garden
Lair:6:   evilmike_catoblepas_cave, patterned_corridor
Swamp:1:  evilmike_swamp_ruin_house_4, swamp_pool5, uniq_jorgrun
Swamp:2:  evilmike_swamp_ruin_house_6
Swamp:3:  serial_swamp_ruin, evilmike_swamp_ruin_house_2,
          evilmike_swamp_ruin_rubble_1, swamp_pool3
Swamp:4:  swamp_alternative, swamp_pool5, nicolae_swamp_snake_nest
Snake:1:  serial_shops, shop, shop, nicolae_shop_crystal,
          nicolae_shop_statue_plus, nicolae_shop_behind_doors, spider_trap,
          st_stairs_10, nicolae_large_snake_swirl, minmay_shop_star
Snake:2:  basic_altar, lemuel_oklob_altar, lemuel_fruit_tree, minmay_shop_grove,
          uniq_frances
Snake:4:  grunt_snake_rune_serpentine_throne, uniq_asterion
Orc:2:    st_orc_rangers, uniq_saint_roka, uniq_urug, uniq_rupert
Ossuary:  ossuary_minmay_scorpions

Skill      XL: |  1  2  3  4  5  6  7  8  9 10 11 12 13 14 15 16 17 18 |
---------------+-------------------------------------------------------+-----
Stealth        | 1 2 3 4 6 8 9 12 13 14 | 14.9
Armour         | 2 3 4 5 |  5.3
Dodging        | 3 4 5 6 7 9 11 13 14 15 16 | 16.5
Fighting       | 4 5 6 7 9 10 11 12 13 14 15 16 | 16.4
Short Blades   | 5 6 7 9 |  9.9
Evocations     | 4 7 8 10 11 12 13 | 13.2
Throwing       | 10 11 13 | 13.4
Long Blades    | 4 10 | 10.0
Shields        | 1 5 |  5.9

Action                   |  1- 3 |  4- 6 |  7- 9 | 10-12 | 13-15 | 16-18 | 19-21 || total
-------------------------+-------+-------+-------+-------+-------+-------+-------++-------
Melee: Short sword       |    65 |   110 |       |       |       |       |       ||   175
       Dagger            |       |    55 |   243 |   931 |  1402 |  1464 |    29 ||  4124
       Falchion          |       |       |    11 |       |       |       |       ||    11
       Demon blade       |       |       |       |       |     8 |   325 |    19 ||   352
       Quick blade       |       |       |       |       |       |     8 |       ||     8
 Fire: Blowgun           |       |       |       |     3 |     1 |    48 |       ||    52
Invok: Berserk           |     1 |    10 |     7 |    21 |    20 |    23 |     1 ||    83
       Trog's Hand       |       |       |     1 |     2 |     2 |     2 |     1 ||     8
       Brothers in Arms  |       |       |       |     1 |     4 |     5 |     2 ||    12
 Abil: Evoke Invisibilit |       |       |       |       |    14 |    19 |       ||    33
Evoke: Wand              |       |       |     1 |     6 |    15 |    28 |     1 ||    51
       Lamp of fire      |       |       |       |       |     1 |     3 |       ||     4
       Lightning rod     |       |       |       |       |       |     5 |       ||     5
       Box of beasts     |       |       |       |       |       |     2 |       ||     2
       Sack of spiders   |       |       |       |       |       |     1 |     3 ||     4
  Use: Potion            |       |     3 |       |     1 |     5 |     6 |     5 ||    20
       Scroll            |       |     8 |     7 |    20 |    17 |     5 |     2 ||    59
 Stab: Sleeping          |     2 |     1 |    14 |    30 |    49 |    33 |       ||   129
       Distracted        |       |     1 |     1 |     2 |     2 |     5 |     1 ||    12
       Invisible         |       |       |       |       |    71 |   103 |     1 ||   175
       Paralysed         |       |       |       |       |     1 |     4 |       ||     5
       Petrified         |       |       |       |       |     5 |       |       ||     5
       Confused          |       |       |       |       |       |     8 |       ||     8
  Eat: Chunk             |     5 |    22 |    15 |    41 |    61 |    28 |       ||   172
       Ration            |       |       |       |       |     2 |    21 |     2 ||    25
Armor: Animal skin       |     5 |    14 |     3 |       |       |       |       ||    22
       Leather armour    |       |       |     2 |    77 |    86 |   106 |     7 ||   278
Dodge: Dodged            |    43 |   145 |   131 |   596 |   741 |  1385 |   151 ||  3192
Block: Buckler           |       |       |       |       |   206 |   805 |    74 ||  1085
       Reflection        |       |       |       |       |     8 |    62 |     7 ||    77
       Rpst.: Falchion   |       |       |     1 |       |       |       |       ||     1
       Demon blade       |       |       |       |       |     1 |    62 |    30 ||    93

Table legend:
 A = Non-vault XP
 B = Vault XP
 C = Vault XP percentage of total XP
 D = Non-vault monster count
 E = Vault monster count
 F = Vault count percentage of total count
                 A         B        C        D         E       F
            +---------+---------+-------+---------+---------+-------
      Total |  197572 |   79559 |  28.7 |     857 |     278 |  24.5
            +---------+---------+-------+---------+---------+-------
        D:1 |      21 |       0 |   0.0 |      13 |       0 |   0.0
        D:2 |     313 |      43 |  12.1 |      36 |       1 |   2.7
        D:3 |     272 |      38 |  12.3 |      25 |       2 |   7.4
        D:4 |     637 |     233 |  26.8 |      21 |       2 |   8.7
        D:5 |     534 |     383 |  41.8 |      19 |       4 |  17.4
        D:6 |    1655 |      18 |   1.1 |      25 |       1 |   3.8
        D:7 |    1198 |       0 |   0.0 |      11 |       0 |   0.0
        D:8 |    1994 |       0 |   0.0 |      34 |       0 |   0.0
        D:9 |    1943 |    1687 |  46.5 |      35 |      28 |  44.4
       D:10 |    5501 |       0 |   0.0 |      32 |       0 |   0.0
       D:11 |    4060 |    1181 |  22.5 |      42 |       4 |   8.7
       D:12 |    5884 |       0 |   0.0 |      47 |       0 |   0.0
       D:13 |   12145 |      76 |   0.6 |      42 |       1 |   2.3
       D:14 |   10831 |    6427 |  37.2 |      36 |      15 |  29.4
       D:15 |   10106 |    1625 |  13.9 |      38 |       3 |   7.3
     Lair:1 |    1837 |       0 |   0.0 |       8 |       0 |   0.0
     Lair:2 |    2688 |       0 |   0.0 |      10 |       0 |   0.0
     Lair:3 |    1304 |    1484 |  53.2 |       6 |       9 |  60.0
     Lair:4 |    2971 |       0 |   0.0 |      15 |       0 |   0.0
     Lair:5 |    4608 |    4592 |  49.9 |      21 |      25 |  54.3
     Lair:6 |    9322 |   10106 |  52.0 |      30 |      23 |  43.4
    Swamp:1 |   20677 |     493 |   2.3 |      50 |       4 |   7.4
    Swamp:2 |   12418 |       0 |   0.0 |      34 |       0 |   0.0
    Swamp:3 |    5276 |       0 |   0.0 |      12 |       0 |   0.0
    Swamp:4 |    8969 |   15906 |  63.9 |      26 |      34 |  56.7
    Snake:1 |   12627 |     166 |   1.3 |      28 |       1 |   3.4
    Snake:2 |   11736 |    2815 |  19.3 |      26 |       2 |   7.1
    Snake:3 |   27074 |       0 |   0.0 |      47 |       0 |   0.0
    Snake:4 |   10041 |   18013 |  64.2 |      21 |      31 |  59.6
      Orc:1 |    5194 |      80 |   1.5 |      38 |       2 |   5.0
      Orc:2 |    3736 |   13235 |  78.0 |      29 |      50 |  63.3
    Ossuary |       0 |     958 | 100.0 |       0 |      36 | 100.0
            +---------+---------+-------+---------+---------+-------

Vault maps used:
D:1:      giann_bridges
D:2:      overflow_temple_1_default, makhleb_blood_cavern_becter,
          chequers_ecumenical_altar_simple, grunt_dithmenos_smoke_and_mirrors
D:3:      grunt_temple_overflow_growth_and_decay, yredelemnul_altar_generic,
          kennysheep_generic_room_10, uniq_natasha
D:4:      gammafunk_cloud_chamber, first_ration, uniq_ijyb, uniq_eustachio
D:5:      minmay_temple_entry_hall, kennysheep_slug_shrine,
          uniq_crazy_yiuf_cottage, uniq_edmund, uniq_menkaure
D:6:      overflow_temple_1_default, nicolae_overflow_hidden_temple,
          serial_shops, kennysheep_mini_moat, gup_ossuary_entry_pyramid
D:8:      gammafunk_temple_overflow_forgotten
D:9:      okawaru_altar_gauntlet_db, nicolae_tso_besieged_by_evil, david_orc_2,
          ebering_ghost_disaster_area, uniq_maurice
D:10:     hellmonk_ghost_happy_afterlife, serial_shops, shop_fountains,
          minivault_16
D:11:     lair_entry_dummy, hangedman_stone_soup
D:13:     david_vaults_2, serial_shops, shop, shop, shop, shop,
          lemuel_angel_altar
D:14:     nrook_pool_corridor, serial_shops, nicolae_shop_statue_plus,
          minmay_misc_feat_roman, minmay_rotating_lava
D:15:     hangedman_depths_entry_try_elsewhere_first, serial_park_tiny_pond,
          lemuel_old_faithful, uniq_roxanne
Lair:2:   dummy_snake_entry, lemuel_fruit_fields
Lair:3:   beast_lair_carwin_10, grunt_megastairs_3, serial_bayou_shore_a
Lair:4:   swamp_mist
Lair:5:   dpeg_slime_entry_corner, special_room, nicolae_lair_yak_garden
Lair:6:   evilmike_catoblepas_cave, patterned_corridor
Swamp:1:  evilmike_swamp_ruin_house_4, swamp_pool5, uniq_jorgrun
Swamp:2:  evilmike_swamp_ruin_house_6
Swamp:3:  serial_swamp_ruin, evilmike_swamp_ruin_house_2,
          evilmike_swamp_ruin_rubble_1, swamp_pool3
Swamp:4:  swamp_alternative, swamp_pool5, nicolae_swamp_snake_nest
Snake:1:  serial_shops, shop, shop, nicolae_shop_crystal,
          nicolae_shop_statue_plus, nicolae_shop_behind_doors, spider_trap,
          st_stairs_10, nicolae_large_snake_swirl, minmay_shop_star
Snake:2:  basic_altar, lemuel_oklob_altar, lemuel_fruit_tree, minmay_shop_grove,
          uniq_frances
Snake:4:  grunt_snake_rune_serpentine_throne, uniq_asterion
Orc:2:    st_orc_rangers, uniq_saint_roka, uniq_urug, uniq_rupert
Ossuary:  ossuary_minmay_scorpions

Table legend:
 A = Turns spent in this place as a percentage of turns spent in the entire game.
 B = Non-inter-level travel turns spent in this place as a percentage of non-inter-level travel turns spent in the entire game.
 C = Inter-level travel turns spent in this place as a percentage of turns spent in this place.
 D = Turns resting spent in this place as a percentage of non-inter-level travel turns spent in this place.
 E = Turns spent auto-exploring this place as a percentage of non-inter-level travel turns spent in this place.
 F = Non-inter-level travel turns spent in this place divided by the number of levels of this place that you've seen.
                   A       B       C       D       E      F
               +-------+-------+-------+-------+-------+----------------------
         Total | 100.0 | 100.0 |   5.7 |  26.5 |  42.3 | 1057.0
       Dungeon |  48.8 |  48.8 |   5.8 |  30.2 |  41.2 | 1099.9
          Lair |  15.4 |  14.7 |  10.0 |   4.4 |  70.1 | 830.3
         Swamp |  15.8 |  15.9 |   5.0 |  34.5 |  31.1 | 1347.0
     Snake Pit |  11.7 |  12.3 |   1.0 |  23.4 |  38.7 | 1038.5
  Orcish Mines |   6.2 |   6.1 |   7.1 |  30.3 |  34.4 | 1033.5
       Ossuary |   2.0 |   2.2 |   0.0 |  41.0 |   6.4 | 735.0
               +-------+-------+-------+-------+-------+----------------------

Table legend:
 A = Kills in this place as a percentage of kills in entire the game.
 B = Kills by you in this place as a percentage of kills by you in the entire game.
 C = Kills by friends in this place as a percentage of kills by friends in the entire game.
 D = Other kills in this place as a percentage of other kills in the entire game.
 E = Experience gained in this place as a percentage of experience gained in the entire game.
 F = Experience gained in this place divided by the number of levels of this place that you have seen.
                   A       B       C       D       E      F
               +-------+-------+-------+-------+-------+----------------------
         Total | 100.0 | 100.0 | 100.0 | 100.0 | 100.0 | 8660.3
       Dungeon |  45.6 |  46.9 |  23.3 |   0.0 |  24.8 | 4587.0
          Lair |  13.0 |  13.6 |   0.0 |   0.0 |  14.0 | 6485.3
         Swamp |  14.1 |  14.5 |   0.0 |  30.0 |  23.0 | 15934.8
     Snake Pit |  13.7 |  12.5 |  44.2 |  20.0 |  29.8 | 20618.0
  Orcish Mines |  10.5 |   9.2 |  32.6 |  50.0 |   8.0 | 11122.5
       Ossuary |   3.2 |   3.3 |   0.0 |   0.0 |   0.3 | 958.0
               +-------+-------+-------+-------+-------+----------------------
